General information
- name: BNet
- type: Ladder team game (AT/RT)
- host: Battle.net
- saver: us-east
map: Deadlock
- players: 8
- length: 17:35
- speed: Fast
- version: 1.23 W3XP
- replay type: Public
» download(159 KB)
Players
team 1 (loser)
aeruighdd (
pink | 138 APM | 2401 actions | 17:21)
4 Pandaren Brewmaster
2 Breath of Fire
2 Drunken Haze
» actions
| Assign group hotkey | 37 | |
| Basic commands | 15 | |
| Build / train | 28 | |
| ESC pressed | 1 | |
| Enter build submenu | 9 | |
| Enter hero's abilities submenu | 4 | |
| Give item / drop item | 1 | |
| Right click | 1407 | |
| Select / deselect | 174 | |
| Select group hotkey | 652 | |
| Use ability | 73 | |
2401 total
» units
» buildings
| Moon Well | 3 | |
| Altar of Elders | 1 | |
| Ancient of Wonders | 1 | |
| Tree of Life | 1 | |
6 total
» build order
00:20 Moon Well
01:17 Altar of Elders
05:20 Moon Well
05:24 Moon Well
05:29 Ancient of Wonders
10:55 Tree of Life
» items
| Lesser Clarity Potion | 1 | |
| Moonstone | 1 | |
| Dust of Appearance | 1 | |
3 total
ASHP_SANDY (
purple | 41 APM | 722 actions | 17:28)
6 Pandaren Brewmaster
3 Breath of Fire
2 Drunken Brawler
1 Storm Earth and Fire
» actions
| Assign group hotkey | 13 | |
| Build / train | 51 | |
| Enter build submenu | 21 | |
| Enter hero's abilities submenu | 6 | |
| Right click | 347 | |
| Select / deselect | 182 | |
| Select group hotkey | 55 | |
| Use ability | 47 | |
722 total
» units
| Acolyte | 2 | |
| Ghoul | 3 | |
| Crypt Fiend | 9 | |
| Frost Wyrm | 14 | |
28 total
» upgrades
| Creature Attack | 2 | |
| Creature Carapace | 1 | |
| Web | 1 | |
4 total
» buildings
| Ziggurat | 9 | |
| Graveyard | 1 | |
| Altar of Darkness | 1 | |
| Halls of the Dead | 1 | |
| Crypt | 2 | |
| Black Citadel | 1 | |
| Sacrificial Pit | 1 | |
| Tomb of Relics | 1 | |
| Nerubian Tower | 1 | |
| Boneyard | 9 | |
| Spirit Tower | 3 | |
30 total
» build order
00:09 Ziggurat
00:13 Graveyard
00:22 Altar of Darkness
00:52 Halls of the Dead
01:32 Crypt
01:56 Crypt
02:09 Ziggurat
03:27 Black Citadel
04:03 Ziggurat
04:05 Sacrificial Pit
04:09 Ziggurat
04:25 Ziggurat
04:26 Ziggurat
04:32 Tomb of Relics
05:13 Nerubian Tower
05:51 Boneyard
05:52 Boneyard
06:02 Boneyard
06:05 Ziggurat
06:08 Ziggurat
06:10 Boneyard
06:13 Spirit Tower
11:15 Boneyard
11:16 Boneyard
11:17 Boneyard
11:18 Boneyard
11:19 Boneyard
12:46 Ziggurat
15:50 Spirit Tower
15:51 Spirit Tower
» items
| Scroll of Town Portal | 3 | |
| Potion of Lesser Invulnerability | 1 | |
| Boots of Speed | 1 | |
| Dust of Appearance | 1 | |
6 total
halloicksdeh (
blue | 35 APM | 616 actions | 17:24)
1 Pandaren Brewmaster
1 Breath of Fire
» actions
| Assign group hotkey | 3 | |
| Basic commands | 3 | |
| Build / train | 10 | |
| ESC pressed | 1 | |
| Enter build submenu | 3 | |
| Enter hero's abilities submenu | 1 | |
| Remove unit from queue | 1 | |
| Right click | 375 | |
| Select / deselect | 201 | |
| Use ability | 18 | |
616 total
» units
» buildings
| Orc Burrow | 1 | |
| Altar of Storms | 1 | |
| Voodoo Lounge | 1 | |
3 total
» build order
00:13 Orc Burrow
00:27 Altar of Storms
01:42 Voodoo Lounge
Mr.BiGMac (
teal | 61 APM | 1047 actions | 17:10)
3 Pandaren Brewmaster
2 Breath of Fire
1 Drunken Haze
» actions
| Assign group hotkey | 16 | |
| Basic commands | 13 | |
| Build / train | 23 | |
| Enter build submenu | 9 | |
| Enter hero's abilities submenu | 3 | |
| Right click | 598 | |
| Select / deselect | 197 | |
| Select group hotkey | 147 | |
| Use ability | 41 | |
1047 total
» units
» buildings
| Orc Burrow | 4 | |
| Altar of Storms | 1 | |
| Barracks | 2 | |
| Voodoo Lounge | 1 | |
| Stronghold | 1 | |
| War Mill | 1 | |
10 total
» build order
00:03 Orc Burrow
00:04 Altar of Storms
00:24 Barracks
00:45 Barracks
01:19 Orc Burrow
01:37 Voodoo Lounge
02:38 Stronghold
03:06 Orc Burrow
03:31 Orc Burrow
03:33 War Mill
» items
| Healing Salve | 2 | |
| Lesser Clarity Potion | 1 | |
| Scroll of Speed | 1 | |
4 total
team 2 (winner)
antanitis (
green | 36 APM | 621 actions | 17:28)
3 Far Seer
1 Feral Spirit
2 Chain Lighting
2 Tauren Chieftain
1 Endurance Aura
1 Shockwave
2 Shadow Hunter
1 Hex
1 Healing Wave
» actions
| Basic commands | 44 | |
| Build / train | 68 | |
| Enter build submenu | 19 | |
| Enter hero's abilities submenu | 7 | |
| Right click | 158 | |
| Select / deselect | 274 | |
| Use ability | 51 | |
621 total
» units
| Peon | 15 | |
| Grunt | 6 | |
| Troll Batrider | 8 | |
| Kodo Beast | 1 | |
30 total
» upgrades
| Pillage | 1 | |
| Berserker Strength | 1 | |
| Melee Weapons | 1 | |
| Armor | 3 | |
| Reinforced Defenses | 1 | |
| Troll Regeneration | 1 | |
| Liquid Fire | 1 | |
| War Drums Damage Increase | 1 | |
| Ranged Weapons | 2 | |
| Spiked Barricades | 1 | |
13 total
» buildings
| Orc Burrow | 5 | |
| Barracks | 1 | |
| Altar of Storms | 1 | |
| Voodoo Lounge | 2 | |
| Stronghold | 1 | |
| War Mill | 2 | |
| Great Hall | 3 | |
| Fortress | 1 | |
| Watch Tower | 2 | |
| Beastiary | 3 | |
21 total
» build order
00:08 Orc Burrow
00:11 Barracks
00:32 Altar of Storms
01:41 Orc Burrow
02:16 Voodoo Lounge
03:58 Orc Burrow
04:50 Stronghold
05:40 Voodoo Lounge
06:01 Orc Burrow
06:42 War Mill
07:08 Great Hall
07:59 Fortress
08:42 Watch Tower
08:44 Watch Tower
09:20 Beastiary
09:54 Beastiary
11:44 Beastiary
12:30 Orc Burrow
15:03 Great Hall
15:26 War Mill
16:19 Great Hall
» items
| Lesser Clarity Potion | 2 | |
| Potion of Mana | 1 | |
| Healing Salve | 1 | |
| Potion of Healing | 1 | |
| Orb of Lightning | 1 | |
| Scroll of Town Portal | 2 | |
| Orb of Fire | 1 | |
9 total

»
MasonryUpgrade (
red | 120 APM | 2097 actions | 17:28)
4 Archmage
2 Summon Water Elemental
2 Brilliance Aura
2 Mountain King
1 Storm Bolt
1 Bash
» actions
| Assign group hotkey | 248 | |
| Basic commands | 11 | |
| Build / train | 88 | |
| ESC pressed | 2 | |
| Enter build submenu | 45 | |
| Enter hero's abilities submenu | 6 | |
| Remove unit from queue | 3 | |
| Right click | 905 | |
| Select / deselect | 524 | |
| Select group hotkey | 163 | |
| Use ability | 102 | |
2097 total
» units
» upgrades
» buildings
| Altar of Kings | 2 | |
| Barracks | 1 | |
| Farm | 7 | |
| Lumber Mill | 2 | |
| Scout Tower | 19 | |
| Arcane Tower | 9 | |
| Guard Tower | 33 | |
| Keep | 1 | |
| Town Hall | 2 | |
76 total
» build order
00:03 Altar of Kings
00:19 Barracks
00:32 Farm
01:09 Farm
01:37 Lumber Mill
02:33 Farm
02:55 Scout Tower
02:57 Scout Tower
03:11 Scout Tower
03:12 Scout Tower
03:14 Scout Tower
03:14 Scout Tower
03:22 Arcane Tower
03:22 Arcane Tower
03:22 Arcane Tower
03:23 Guard Tower
03:24 Guard Tower
04:05 Arcane Tower
04:05 Arcane Tower
04:05 Arcane Tower
04:25 Guard Tower
04:49 Guard Tower
04:49 Guard Tower
04:50 Guard Tower
04:53 Scout Tower
04:54 Scout Tower
05:01 Scout Tower
05:20 Farm
05:22 Farm
05:26 Scout Tower
05:26 Scout Tower
05:27 Scout Tower
05:49 Keep
05:54 Guard Tower
05:55 Guard Tower
05:55 Guard Tower
06:07 Guard Tower
06:07 Guard Tower
06:24 Arcane Tower
06:24 Arcane Tower
06:40 Scout Tower
06:41 Scout Tower
06:42 Scout Tower
06:42 Scout Tower
07:18 Guard Tower
07:18 Guard Tower
08:07 Scout Tower
08:09 Scout Tower
08:19 Guard Tower
08:19 Guard Tower
08:20 Guard Tower
08:28 Scout Tower
08:34 Guard Tower
08:34 Guard Tower
08:40 Farm
08:44 Farm
08:46 Guard Tower
08:46 Guard Tower
08:46 Guard Tower
09:25 Guard Tower
09:25 Guard Tower
12:34 Town Hall
13:47 Lumber Mill
16:02 Altar of Kings
16:28 Town Hall
» items
| Healing Salve | 1 | |
| Scroll of Town Portal | 1 | |
2 total
TIMG4STRok (
orange | 120 APM | 2096 actions | 17:28)
6 Paladin
3 Holy Light
3 Devotion Aura
» actions
| Assign group hotkey | 20 | |
| Basic commands | 44 | |
| Build / train | 89 | |
| ESC pressed | 3 | |
| Enter build submenu | 38 | |
| Enter hero's abilities submenu | 6 | |
| Remove unit from queue | 1 | |
| Right click | 1051 | |
| Select / deselect | 194 | |
| Select group hotkey | 563 | |
| Use ability | 87 | |
2096 total
» units
| Peasant | 25 | |
| Footman | 7 | |
| Gryphon Rider | 10 | |
42 total
» upgrades
| Masonry | 3 | |
| Defend | 1 | |
| Lumber Harvesting | 2 | |
| Storm Hammers | 1 | |
| Animal War Training | 1 | |
| Swords | 1 | |
| Armor | 1 | |
10 total
» buildings
| Altar of Kings | 1 | |
| Barracks | 1 | |
| Farm | 9 | |
| Lumber Mill | 2 | |
| Scout Tower | 17 | |
| Guard Tower | 12 | |
| Town Hall | 1 | |
| Arcane Tower | 2 | |
| Keep | 1 | |
| Castle | 1 | |
| Gryphon Aviary | 3 | |
| Arcane Vault | 2 | |
| Blacksmith | 1 | |
53 total
» build order
00:07 Altar of Kings
00:09 Barracks
00:15 Farm
00:45 Farm
01:25 Farm
02:19 Lumber Mill
03:06 Farm
03:24 Scout Tower
03:24 Scout Tower
03:25 Scout Tower
03:53 Scout Tower
03:55 Scout Tower
03:59 Guard Tower
04:43 Town Hall
04:52 Arcane Tower
04:52 Guard Tower
06:22 Keep
08:12 Scout Tower
08:15 Scout Tower
08:19 Scout Tower
08:19 Scout Tower
08:20 Scout Tower
08:22 Scout Tower
08:35 Farm
08:35 Farm
09:16 Guard Tower
09:17 Castle
10:02 Gryphon Aviary
10:03 Gryphon Aviary
10:09 Guard Tower
10:09 Guard Tower
10:09 Guard Tower
10:10 Guard Tower
10:10 Guard Tower
10:10 Guard Tower
10:44 Arcane Tower
11:08 Gryphon Aviary
11:10 Arcane Vault
11:11 Farm
11:18 Lumber Mill
11:46 Farm
11:47 Farm
12:00 Blacksmith
15:07 Arcane Vault
15:15 Scout Tower
15:17 Scout Tower
15:20 Scout Tower
15:21 Scout Tower
15:29 Scout Tower
15:30 Scout Tower
16:06 Guard Tower
» items
| Scroll of Town Portal | 2 | |
| Boots of Speed | 1 | |
| Scroll of Protection | 1 | |
| Scroll of Healing | 1 | |
| Lesser Clarity Potion | 2 | |
| Orb of Lightning | 1 | |
| Healing Salve | 1 | |
| Potion of Healing | 1 | |
10 total
us-east (
yellow | 109 APM | 1919 actions | 17:35)
3 Blademaster
1 Wind Walk
2 Critical Strike
2 Shadow Hunter
1 Healing Wave
1 Hex
» actions
| Assign group hotkey | 11 | |
| Basic commands | 77 | |
| Build / train | 52 | |
| ESC pressed | 13 | |
| Enter build submenu | 39 | |
| Enter hero's abilities submenu | 5 | |
| Give item / drop item | 2 | |
| Right click | 886 | |
| Select / deselect | 311 | |
| Select group hotkey | 410 | |
| Use ability | 113 | |
1919 total
» units
» upgrades
| Shaman Training | 2 | |
| Armor | 1 | |
| Pulverize | 1 | |
4 total
» buildings
| Altar of Storms | 1 | |
| Orc Burrow | 5 | |
| War Mill | 1 | |
| Watch Tower | 16 | |
| Voodoo Lounge | 3 | |
| Stronghold | 2 | |
| Fortress | 2 | |
| Spirit Lodge | 3 | |
| Beastiary | 1 | |
| Tauren Totem | 2 | |
36 total
» build order
00:09 Altar of Storms
00:21 Orc Burrow
00:51 War Mill
02:37 Watch Tower
02:38 Watch Tower
02:41 Voodoo Lounge
02:47 Watch Tower
02:47 Watch Tower
02:51 Voodoo Lounge
02:55 Watch Tower
03:13 Watch Tower
03:22 Watch Tower
04:00 Stronghold
04:03 Watch Tower
04:19 Watch Tower
04:58 Watch Tower
05:14 Watch Tower
05:15 Watch Tower
05:37 Watch Tower
05:39 Watch Tower
05:45 Watch Tower
05:50 Watch Tower
06:47 Orc Burrow
07:33 Fortress
07:33 Fortress
07:47 Voodoo Lounge
08:50 Spirit Lodge
09:08 Spirit Lodge
09:11 Beastiary
09:23 Spirit Lodge
10:20 Tauren Totem
10:21 Tauren Totem
10:53 Orc Burrow
11:19 Orc Burrow
13:19 Orc Burrow
» items
| Scroll of Speed | 1 | |
| Lesser Clarity Potion | 1 | |
| Healing Salve | 1 | |
| Orb of Lightning | 1 | |
| Scroll of Town Portal | 1 | |
5 total
Chat log
(00:17 / Allies) TIMG4STRok: they got ud???
(01:59 / Allies) TIMG4STRok: whats plan
(02:03 / Allies) TIMG4STRok: aint listening to vent
(02:05 / Allies) us-east: trushing
(02:08 / Allies) TIMG4STRok: ok
(02:41 / All) ASHP_SANDY: lol
(04:05 / Allies) TIMG4STRok: MAIN
(04:06 / Allies) TIMG4STRok: mian
(08:47 / All) Mr.BiGMac: towers